 Dungeon Crawl Stone Soup version 0.19-a0-1740-g0bcaf2e (webtiles) character file.

56 4thArraOfDagon the Ducker (level 3, -6/19 HPs)
             Began as a Spriggan Monk on Oct 2, 2016.
             Was a Believer of Ashenzari.
             Mangled by an ogre
             ... wielding a +0 giant spiked club
              (14 damage)
             ... on level 8 of the Dungeon.
             The game lasted 00:04:10 (770 turns).

4thArraOfDagon the Ducker (Spriggan Monk)            Turns: 770, Time: 00:04:10

Health: -6/19      AC:  2    Str:  7      XL:     3   Next: 71%
Magic:  4/4        EV: 21    Int: 11      God:    Ashenzari [**....]
Gold:   92         SH:  0    Dex: 18 (19) Spells: 0 memorised, 2 levels left

rFire  + . .     SeeInvis +     a - +0 short sword
rCold  . . .     Gourm    .     b - +0 robe
rNeg   . . .     Faith    .     (shield restricted)
rPois  .         Spirit   .     (helmet restricted)
rElec  .         Dismiss  .     (no cloak)
rCorr  .         Reflect  .     (gloves unavailable)
MR     .....     Harm     .     (boots unavailable)
Stlth  +++.......               (no amulet)
                                (no ring)
                                m - ring of protection from fire

@: very quick
A: unfitting armour, see invisible, herbivore 3, speed 3, slow metabolism 2
a: Curse Item, Scrying, Renounce Religion


You were on level 8 of the Dungeon.
You worshipped Ashenzari.
Ashenzari was pleased with you.
You were not hungry.

You visited 2 branches of the dungeon, and saw 9 of its levels.

You collected 92 gold pieces.

Inventory:

Hand Weapons
 a - a +0 short sword (weapon)
Missiles
 j - 2 throwing nets (quivered)
Armour
 b - a +0 robe (worn)
Magical Staves
 i - an uncursed staff of cold
Jewellery
 m - a ring of protection from fire (left hand)
Wands
 h - a wand of digging (7/24)
Scrolls
 d - 3 scrolls of teleportation {unknown}
 e - a scroll of magic mapping {unknown}
 g - 2 scrolls of enchant armour {unknown}
 k - a scroll of random uselessness {unknown}
 l - a scroll of recharging {unknown}
 o - a scroll of identify {unknown}
Potions
 f - a potion of agility {unknown}
 n - a potion of invisibility {unknown}
Comestibles
 c - 2 bread rations
 p - 8 fruits


   Skills:
 - Level 2.4 Fighting
 * Level 4.0 Short Blades
 + Level 5.0 Dodging
 * Level 4.9 Stealth


You had 2 spell levels left.
You didn't know any spells.

Dungeon Overview and Level Annotations

Branches:
Dungeon (8/15)             Temple (1/1) D:7
   Lair: D:8-11

Altars:
Ashenzari
Cheibriados
Dithmenos
Fedhas
Hepliaklqana
Kikubaaqudgha
Makhleb
Nemelex Xobeh
Okawaru
Qazlal
Ru
Sif Muna
Trog
Uskayaw
Vehumet
Xom
Yredelemnul
Zin
The Shining One

Shops:
D:4 [   D:7 *

Annotations:
D:7 zkyp's ghost, novice FoWn


Innate Abilities, Weirdness & Mutations

You are very small and have problems with some larger weapons.
You are too small for most types of armour.
You have supernaturally acute eyesight. (SInv)
You are a herbivore.
You cover ground extremely quickly.
You need consume almost no food.


Message History

Unknown command.
You fall through a shaft!
The shaft crumbles and collapses.
Found an orc skeleton.
Unknown command.
Found an orc skeleton.
Found a human skeleton.
An ogre comes into view. It is wielding a giant spiked club.
Found a throwing net, 6 beef jerkies and 3 bread rations.
You see here a throwing net.
Unknown command.
The helpless ogre fails to defend itself.
You impale the ogre!!
The ogre is heavily wounded.
The ogre closely misses you.
Unknown command.
j - 2 throwing nets (gained 1)
The ogre hits you with a giant spiked club!
Ouch! That really hurt!
You die...

...o5......## * , ,
........#..# ** *.... *
.......## ,.* .... ###...##
* ,, #..#* ####..# * * #..#
, ...o.## ,, * ####..# *
#.....# * ##### ##.##..# *
###.....# ,*#%O%###.÷.#..##
#
#.......#,*#%§@#..#......#*
.........,*#÷÷..###....#..#
#........., ###### #.####
...., .......... * *#.##
..## ,...######.,, ,,,##
*,.# * * , * *, *# , * * *
, , , , *


You could see an ogre.

Vanquished Creatures
  3 adders
  2 oozes
  A worm (D:3)
  2 orcs
  A quokka (D:2)
  4 bats
  3 frilled lizards
  A kobold (D:2)
  5 rats
22 creatures vanquished.

Notes
Turn   | Place    | Note
-------+----------+-------------------------------------------
     0 | D:1      | 4thArraOfDagon the Spriggan Monk began the quest for the Orb.
     0 | D:1      | Reached XP level 1. HP: 11/11 MP: 2/2
    29 | D:2      | Reached XP level 2. HP: 16/16 MP: 3/3
   314 | D:3      | Reached XP level 3. HP: 14/19 MP: 4/4
   352 | D:4      | Reached skill level 5 in Dodging
   390 | D:4      | Found Mogie's Antique Armour Boutique.
   422 | D:5      | Entered Level 5 of the Dungeon
   436 | D:6      | Noticed a bullfrog
   444 | D:7      | Noticed an orc warrior
   455 | D:7      | Noticed a scorpion
   545 | D:7      | Found a staircase to the Ecumenical Temple.
   555 | Temple   | Entered the Ecumenical Temple
   661 | Temple   | Became a worshipper of Ashenzari the Shackled
   661 | Temple   | Reached * piety under Ashenzari
   661 | Temple   | Reached ** piety under Ashenzari
   685 | D:8      | Noticed an orc warrior
   708 | D:7      | Noticed zkyp's ghost (novice FoWn)
   712 | D:7      | Noticed a sky beast
   731 | D:7      | Found Nafut's General Store.
   760 | D:7      | You fall through a shaft!
   767 | D:8      | Noticed an ogre
   770 | D:8      | Mangled by an ogre

Vault maps used:
D:1:      dpeg_arrival_connections, xom_teletrap_fun
D:3:      ecumenical_altar_1
D:4:      first_bread, serial_shops, kennysheep_little_box,
          kennysheep_generic_room_15, uniq_duvessa, uniq_crazy_yiuf_cottage
D:6:      gup_sewer_entry_glass, nicolae_ossuary_entry_monument
D:7:      serial_shops, nicolae_shop_trees
D:8:      grunt_ogre_cave, hangedman_abyss_or_decor_passed,
          nicolae_alphabet_shops
Temple:   minmay_crystal_snake_temple

Skill      XL: |  1  2  3 |
---------------+----------+-----
Stealth        | 4 |  4.9
Dodging        | 5 |  5.0
Short Blades   | 4 |  4.0
Fighting       | |  2.4

Action                   || total
-------------------------++-------
Melee: Short sword       ||    53
  Use: Potion            ||     1
 Stab: Sleeping          ||    14
Armor: Robe              ||     2
Dodge: Dodged            ||    51
